SCURSCUM, neutral female scurrid Archeologist }}}}}}}}}}}}}}}}}}} }}}}}}}}}}}} }}}}}}}}}}}}}}}} }}}}}}}}}} }}}}}}}}}}}. }}}}}}}} }..}}}}..#.}}}}} # #..}}}}}...}} # }}}......# # #...`..}}}}<%# }.}}}.}}...}}}}}.# .}}.}}}}(. #.}}}}.II..}}}}}}.# #..}}}}}}}}}}}}}# }}}}}}}..}}}}}}}}}}} ..}}}}}}...}}}}}}}}}}}}}I}} # }}}}}}}}}}}}}}}.# }}}.`.....}}}}}}..}}}}}}}}}.}}}}}}}}}} }}}}}}}}}}}.}}}.} # #...}} #}}}}}}}}}}}....}}}}}}}}}}# .}}}}}}}}}}}}}}...}} }..}}}}}}}}}}}`#...}}}}}}}}`# }}}}}}}}}}}.}}}}}} }}}}}}}}....}}}}}}} .}}.}}}}}}}}}} # }}}}}}}}}} }}}}}}}}}}}}}}}. #..}}}} }}}}}}}}}..}}}}}.. }}}}} }}}}.}..}}}}}}} #.`...}} }}}}}}}}..#.}}}}.#. }}} #.}...}. #.#.} }}}}.}}}}}}} ...}}.. }..}}}. }}}}}}}...}}}}}} }}}}}}# }}}}}.. .}}}}}}}}.#..}}}}} }}}}}}} }}}}} }}}}}}}}}} }.}}}}}} }}}}}}} }} }}}}}}}}}}}} }}}}}}}} }}}}}}}} SCURSCUM the Digger Experience level: 1 Strength: 15 Dexterity: 9 Constitution: 10 Intelligence: 12 Wisdom: 18 Charisma: 11 Health: 0(12) Energy: 2(2) Def: 1 Gold: 0 Moves: 64 Dungeon seed: 82rqcihmtnBUAqz9 Game ID: SCURSCUM_1498608196 Your Inventory: Weapons a - an uncursed +2 bullwhip h - an uncursed +0 boomerang (in quiver) Armor e - an uncursed +0 leather jacket (being worn) Comestibles b - 4 uncursed chestnuts Potions i - an uncursed potion of water Tools c - an uncursed pair of lenses f - an uncursed sack g - an uncursed thoroughly rusty tin opener (alternate weapon; not wielded) Gems q - an uncursed touchstone Spells and supernatural/magical abilities: Name Level Category Fail Memory W - pray for help -- divine ? -- Your skills at the end: Miscellaneous Skills wands [Basic] Weapon Skills boomerang [Basic] whip [Basic] Spellcasting Skills Final Attributes: You were devoutly aligned. You were blinded. You had infravision. You were very stealthy. You were fast. You are dead. Voluntary challenges: You went without food. You did not adorn yourself with jewelry or accessories. You did not cause conflict. You were not invisible. You did not have reflection. You were not displaced. You were an atheist. You never hit with a wielded weapon. You were a pacifist. You did not use tools. You did not use plumbed fixtures. You did not drink any magical draughts. You were illiterate. You never genocided any monsters. You never polymorphed an object. You never changed form. You used no wishes. You never split a pudding. You never wrote Elbereth's name. You never violated your personal moral code. Dungeon overview: The Dungeons of Doom: levels 1 to 22 Level 1 a long staircase Level 2 a fountain Level 3 Level 4 Level 5 Level 6 Level 7 Level 8 Level 9 Level 10 Level 11 Level 12 Level 13 Level 14 a fountain Level 15 Level 16 Level 17 Level 18 Level 19 Level 20 Level 21 Level 22 <- You were here many trees History has recorded: On T:1 you entered the Dungeons of Doom to retrieve the Amulet of Yendor! On T:5 you reached level 2 of The Dungeons of Doom. On T:8 you reached level 3 of The Dungeons of Doom. On T:10 you reached level 4 of The Dungeons of Doom. On T:13 you reached level 5 of The Dungeons of Doom. On T:15 you reached level 6 of The Dungeons of Doom. On T:18 you reached level 7 of The Dungeons of Doom. On T:20 you reached level 8 of The Dungeons of Doom. On T:23 you reached level 9 of The Dungeons of Doom. On T:26 you reached level 10 of The Dungeons of Doom. On T:29 you reached level 11 of The Dungeons of Doom. On T:31 you reached level 12 of The Dungeons of Doom. On T:34 you reached level 13 of The Dungeons of Doom. On T:37 you reached level 14 of The Dungeons of Doom. On T:39 you reached level 15 of The Dungeons of Doom. On T:43 you reached level 16 of The Dungeons of Doom. On T:43 you entered the Rogue tribute level. On T:46 you reached level 17 of The Dungeons of Doom. On T:49 you reached level 18 of The Dungeons of Doom. On T:51 you reached level 19 of The Dungeons of Doom. On T:54 you reached level 20 of The Dungeons of Doom. On T:57 you reached level 21 of The Dungeons of Doom. On T:60 you reached level 22 of The Dungeons of Doom. Score breakdown: Gold: 0 ( 0 points) Experience: 1 level ( 0 points) Exploration: 22 levels ( 630 points) Discoveries: 1 item ( 50 points) Variety of kills: 0 monsters ( 0 points) Major goal: (nothing yet) ( 0 points) Survival: died (score multiplied by 3) Total score: 2040 Latest messages: You sink like a rock. Your tin opener rusts! You try to crawl out of the water. Pheew! That was close. You fall into the water! You sink like a rock. Your tin opener rusts further! You try to crawl out of the water. Pheew! That was close. Something pecks! You fall into the water! You sink like a rock. Your tin opener rusts completely! You try to crawl out of the water. Pheew! That was close. Something pecks! She charms you. You gladly start removing your gloves. She stole an uncursed +0 pair of leather gloves. Something stole an uncursed wand of light (0:14). Something pecks! You die... The sack is empty. The sack is empty. Final status: Goodbye SCURSCUM the Archeologist, killed by a raven, while taking off clothes... You died in The Dungeons of Doom on dungeon level 22 with 2040 points, and 0 pieces of gold, after 64 moves. You were level 1 with a maximum of 12 hit points when you died.